Construct Weapon Support Center
Selects Special Operations Battlegroup
Selects M29 Weasel Recon Vehicle
Construct Medical Station
Mechanized Support Center
M3 Armored Personnel Carrier
Selects SSF Commando Squad
Selects Air Re-supply Operation
Selects P-47 Anti-Infantry Loiter
Selects UNKNOWN (2162291)
Designate Forward Repair Station
Selects Air Re-supply Operation
Improved M9 Bazooka Rockets
Designate Forward Repair Station